 Dungeon Crawl Stone Soup version 0.29.1-12-g30fa7ad0bf (webtiles) character file.

Game seed: 6997281552067142340

740 bnorton916 the Magician (level 7, -5/36 HPs)
             Began as a Deep Elf Fire Elementalist on Jan 3, 2023.
             Slain by an ogre
             ... wielding a +0 giant club
              (15 damage)
             ... on level 5 of the Dungeon.
             The game lasted 00:06:15 (5916 turns).

bnorton916 the Magician (DEFE)                      Turns: 5916, Time: 00:06:15

Health: -5/36      AC:  4    Str:  5    XL:     7   Next: 46%
Magic:  17/19      EV: 12    Int: 22    God:
Gold:   96         SH:  0    Dex: 15    Spells: 15/19 levels left

rFire   . . .      SeeInvis +   (no weapon)
rCold   . . .      Faith    .   (no shield)
rNeg    . . .      Spirit   .   v - +2 robe {Archmagi}
rPois   .          Reflect  .   (no helmet)
rElec   .          Harm     .   (no cloak)
rCorr   .          Rampage  .   (no gloves)
Will    .....      Archmagi +   (no boots)
Stlth   ++........              (no amulet)
HPRegen 0.12/turn               m - ring of flight
MPRegen 0.16/turn               a - ring of see invisible

@: flying
A: no striking features
a: no special abilities


You were on level 5 of the Dungeon.
You visited 1 branch of the dungeon, and saw 5 of its levels.

You collected 96 gold pieces.

Inventory:

Missiles
 g - 8 poisoned darts
Armour
 c - a +0 buckler
 v - a +2 robe of the Archmagi (worn)
Jewellery
 a - a ring of see invisible (right hand)
 m - a ring of flight (left hand)
Wands
 t - a wand of polymorph (4)
Scrolls
 d - a scroll of magic mapping
 e - a scroll of blinking {unknown}
 f - a scroll of fear {unknown}
 j - a scroll of amnesia
 l - a scroll of enchant weapon {unknown}
 n - a scroll of enchant armour {unknown}
 q - 2 scrolls of teleportation {unknown}
 s - a scroll of vulnerability {unknown}
 u - a scroll of noise {unknown}
 w - a scroll of acquirement {unknown}
Potions
 b - a potion of magic
 h - a potion of heal wounds {unknown}
 i - 2 potions of attraction
 k - 2 potions of invisibility {unknown}
 o - 2 potions of mutation {unknown}
 r - a potion of might {unknown}


   Skills:
 - Level 2.4 Dodging
 - Level 2.4 Stealth
 + Level 6.6 Spellcasting
 + Level 5.0 Conjurations
 + Level 6.0 Fire Magic
 + Level 2.2 Earth Magic


You had 15 spell levels left.
You knew the following spells:

 Your Spells              Type           Power      Damage    Failure   Level
a - Foxfire               Conj/Fire      100%       2x1d9     1%          1
b - Scorch                Fire           100%       2d10      1%          2
c - Sandblast             Erth           52%        2d12      3%          1

Your spell library contained the following spells:

 Spells                   Type           Power      Damage    Failure   Level
 Conjure Flame            Conj/Fire      47%        6-21      2%          3
 Stone Arrow              Conj/Erth      70%        3d11      6%          3
 Inner Flame              Hex/Fire       30%        N/A       8%          3
 Summon Small Mammal      Summ           44%        N/A       9%          1
 Passwall                 Tmut/Erth      15%        N/A       9%          2
 Flame Wave               Conj/Fire      47%        2d12      9%          4
 Call Canine Familiar     Summ           11%        N/A       26%         3
 Summon Guardian Golem    Hex/Summ       11%        N/A       26%         3


Dungeon Overview and Level Annotations

Branches:
Dungeon (5/15)
 Temple: D:4-7

Altars:
Makhleb

Shops:
D:1 ?   D:3 ?


Message History

You struggle against the net.
The gnoll hits you with a +0 flail. The gnoll hits you with a +0 club!
You rip the net and break free!
The gnoll misses you.
An ogre comes into view. It is wielding a +0 giant club.
The gnoll closely misses you. The gnoll barely misses you.
The gnoll hits you with a +0 club.
There is a stone staircase leading up here.
The gnoll is no longer moving quickly. x2; The gnoll hits you with a +0 flail!
The gnoll hits you with a +0 club.
You fly upwards.
There is a stone staircase leading down, spattered with blood here.
Casting: Scorch (safe; 1% risk of failure)
Confirm with . or Enter, or press ? or * to list all spells.
You feel a surge of power!
Flames lash the gnoll.
You kill the gnoll!
The gnoll hits you with a +0 club.
Your Conjurations skill increases to level 5!
The gnoll misses you.
Casting: Scorch (safe; 1% risk of failure)
Confirm with . or Enter, or press ? or * to list all spells.
You feel a surge of power!
Flames lash the gnoll.
You kill the gnoll!
You start resting.
Magic restored.
You start resting.
You start resting.
HP restored.
You start waiting.
Done waiting.
You fly downwards.
The ogre hits you with a +0 giant club!!
Ouch! That really hurt!
* * * LOW HITPOINT WARNING * * *
There is a stone staircase leading up, spattered with blood here.
Casting: Scorch (safe; 1% risk of failure)
Confirm with . or Enter, or press ? or * to list all spells.
You feel a surge of power!
Flames lash the ogre.
The ogre is heavily wounded.
The ogre's fire resistance burns away.
The ogre hits you with a +0 giant club!
You die...

,,******,,......?#*****
,,*,,,*#..,......+,,,,*
,,,,,,,....,.....#**,**
,,,,,,,,...##....##*,*
,,,,,,,,,.........,*,*
,,,,,,,**,#......#,*,*
,,***+*,,,#......#,*,*
,,***+*,*,#......#,*,*
,,**,,,,,...#..O@#,*,*
,,,,,,,,,,,,#..###,*,*
,,,,,,,,,,,,#..#..,,,*
,,,,,,,,,,,,#.##.#,***
,,,,,,,,,,,,#O.#.#,,,***
,,,,,,,****,#.)#.#,*,,,*
,,,,,,,* *,#...(#####.#
,,,,,,,****,#..........#
,,,,,,>+,,,,#....#######****


You could see an ogre (combustible).

Vanquished Creatures
  A water moccasin (D:5)
  A black bear (D:4)
  A kobold brigand (D:4)
  A scorpion (D:4)
  A jelly (D:3)
  4 hounds
  A gnoll bouda (D:5)
  3 iguanas (D:4)
  5 adders
  3 gnolls
  A worm (D:3)
  3 dart slugs
  5 orcs
  3 endoplasms
  2 giant cockroaches (D:1)
  11 goblins
  11 hobgoblins
  3 kobolds
  2 quokkas
  8 ball pythons
  6 bats
  3 frilled lizards (D:1)
  5 rats
84 creatures vanquished.

Vanquished Creatures (collateral kills)
  A foxfire (D:1)
1 creature vanquished.

Vanquished Creatures (others)
  383 foxfires
383 creatures vanquished.

Grand Total: 468 creatures vanquished

Notes
Turn   | Place    | Note
-------+----------+-------------------------------------------
     0 | D:1      | bnorton916 the Deep Elf Fire Elementalist began the quest
                  | for the Orb.
     0 | D:1      | Reached XP level 1. HP: 10/10 MP: 6/6
    34 | D:1      | Found Uneomet's Magic Scroll Emporium.
   489 | D:1      | Reached XP level 2. HP: 15/15 MP: 4/8
  1658 | D:2      | Reached XP level 3. HP: 19/19 MP: 5/10
  1706 | D:2      | Found a burning altar of Makhleb.
  2241 | D:2      | Reached XP level 4. HP: 24/24 MP: 9/12
  2691 | D:3      | Found Mogim's Magic Scroll Boutique.
  3288 | D:3      | Reached XP level 5. HP: 18/28 MP: 10/14
  3468 | D:4      | Reached skill level 5 in Spellcasting
  3749 | D:4      | Learned a level 2 spell: Scorch
  3751 | D:4      | Learned a level 1 spell: Sandblast
  3831 | D:4      | Reached skill level 5 in Fire Magic
  3831 | D:4      | Reached XP level 6. HP: 32/32 MP: 12/16
  4337 | D:5      | Entered Level 5 of the Dungeon
  4354 | D:5      | Noticed a water moccasin
  4373 | D:5      | Killed a water moccasin
  4374 | D:5      | Reached skill level 1 in Earth Magic
  4374 | D:5      | Reached XP level 7. HP: 15/36 MP: 8/18
  5610 | D:4      | Reached skill level 5 in Conjurations
  5916 | D:5      | Slain by an ogre

Illustrated notes

Levels and vault maps discovered:
D:1:      minmay_arrival_five_plusses, layout_basic, serial_shops, shop,
          chequers_big_river, chequers_serial_rivers_micro_b,
          minmay_door_square, hex_intersection, minmay_unequal
D:2:      layout_loops_ring, basic_altar, uniq_robin
D:3:      layout_basic, serial_shops, nicolae_shop_statue_plus
D:4:      layout_gridville
D:5:      layout_basic, kiku_gazebo_pond_becter,
          nicolae_ru_great_annihilating_truth, hangedman_decor_growths

Skill      XL: |  1  2  3  4  5  6  7 |
---------------+----------------------+-----
Conjurations   | 2 3 4 5 |  5.0
Spellcasting   | 4 5 6 |  6.6
Fire Magic     | 4 5 6 |  6.0
Earth Magic    | 1 2 |  2.2
Dodging        | |  2.4
Stealth        | |  2.4

Action                   |  1- 3 |  4- 6 |  7- 9 || total
-------------------------+-------+-------+-------++-------
 Cast: Foxfire           |   117 |    99 |    10 ||   226
       Sandblast         |       |    12 |       ||    12
       Scorch            |       |     5 |    10 ||    15
Evoke: Wand              |       |       |     1 ||     1
  Use: Scroll            |       |     5 |       ||     5
       Potion            |       |     2 |       ||     2
Armor: Robe              |     6 |     7 |     1 ||    14
Dodge: Dodged            |     8 |    29 |    17 ||    54
